 Dungeon Sprint DCSS version 0.30.1 (webtiles) character file.

Game seed: 5515551609763753660

8800000 Groucho the Axe Maniac (level 27, -24/213 (228) HPs)
             Began as a Djinni Warper on June 30, 2023.
             Was the Champion of Makhleb.
             Killed from afar by a wretched soul (44 damage)
             ... with a bolt of negative energy
             ... in the Dungeon (Sprint VIII: "Arena of Blood") on July 3, 2023.
             The game lasted 00:08:12 (88 turns).

Groucho the Axe Maniac (Djinni Warper)                Turns: 88, Time: 00:08:12

HP:   -24/213 (228) AC:  6    Str: 10    XL:     27
Gold: 0             EV: 30    Int: 23    God:    Makhleb [******] SH:  0 Dex: 19

rFire   + + .        i - +∞ Axe of Woe
rCold   x . .        (shield currently unavailable)
rNeg    . . .        b - +0 leather armour
rPois   ∞            (no helmet)
rElec   .            (no cloak)
rCorr   .            (no gloves)
SInv    +            (boots unavailable)
Will    ++...        (no amulet)
Stlth   ++++++++++   j - ring of see invisible
HPRegen 0.55/turn    (no ring)
MPRegen 0.00/turn

%: no teleportation, infuse magic (-25 HP)
@: flying, slowed, drained, very slow
A: sickness immunity, fire resistance 2, cold vulnerability 1, float, innate
caster, HP casting, extra vitality 1
a: Renounce Religion, Minor Destruction, Lesser Servant of Makhleb, Major
Destruction, Greater Servant of Makhleb


You were in the Dungeon.
You worshipped Makhleb.
Makhleb was exalted by your worship.
You visited 1 branch

Inventory:

Hand Weapons
 a - a +0 hand axe
 i - the +∞ Axe of Woe (weapon)
   (You found it in the Dungeon)
Missiles
 d - 7 boomerangs of dispersal
Armour
 b - a +0 leather armour (worn)
Jewellery
 j - a ring of see invisible (left hand)
Scrolls
 c - 2 scrolls of blinking
Potions
 e - a potion of curing
 f - a potion of heal wounds
 g - a potion of haste
 h - a potion of berserk rage


   Skills:
 O Level 27 Fighting
 O Level 27 Short Blades
 O Level 27 Long Blades
 O Level 27 Axes
 O Level 27 Maces & Flails
 O Level 27 Polearms
 O Level 27 Staves
 O Level 27 Ranged Weapons
 O Level 27 Throwing
 O Level 27 Armour
 O Level 27 Dodging
 O Level 27 Stealth
 O Level 27 Shields
 O Level 27 Unarmed Combat
 O Level 27 Spellcasting
 O Level 27 Invocations
 O Level 27 Evocations


You knew the following spells:

 Your Spells              Type           Power      Damage    Failure   Level
a - Blink                 Tloc           100%       N/A       0%          2
b - Lesser Beckoning      Tloc           100%       N/A       0%          2
c - Vhi's Electric Charg  Tloc/Air       100%       N/A       0%          3
d - Teleport Other        Tloc           100%       N/A       0%          3
e - Manifold Assault      Tloc           100%       N/A       0%          4
f - Sting                 Tmut/Pois      100%       1d8       0%          1
g - Scorch                Fire           100%       2d9       0%          2
h - Ozocubu's Armour      Ice            100%       N/A       0%          3
i - Olgreb's Toxic Radia  Pois           100%       N/A       0%          4
j - Animate Armour        Summ/Erth      100%       N/A       0%          4
k - Yara's Violent Unrav  Hex/Tmut       50%        3d19      0%          5
l - Summon Cactus Giant   Summ           50%        N/A       0%          6
m - Malign Gateway        Summ/Tloc      50%        N/A       0%          7
n - Death Channel         Necr           50%        N/A       0%          6
o - Necromutation         Tmut/Necr      50%        N/A       1%          8
p - Orb of Destruction    Conj           50%        9d13      0%          7
q - Ignition              Fire           50%        3d14      1%          8
r - Death's Door          Necr           50%        N/A       1%          9
Your spell library was empty.

Dungeon Overview and Level Annotations

Branches:
Dungeon (1/1)

Altars:
Makhleb


Innate Abilities, Weirdness & Mutations

You are immune to sickness and miasma.
You are immune to poison.
Your flesh is very heat resistant. (rF++)
You are vulnerable to cold. (rC-)
You float through the air rather than walking.
You learn spells naturally, not from books.
Your magical power is your life essence.
You have superior vitality. (+4 MHP)


Message History

You hear a shout! x3
A sculptor of flesh comes into view. It is wielding a +9 great sword.
The meat beast is engulfed in blazing flames.
You hear a shout! x4
The meat berserker closely misses you.
An eight-headed meat hydra comes into view.
The meat beast bites you! The meat beast tramples you!
You are shoved backwards!
A meat berserker comes into view. It is wielding a +9 battleaxe.
The bag of meat is engulfed in blazing flames.
A bag of meat comes into view. It is wielding a +9 war axe.
The accursed is engulfed in blazing flames.
The accursed casts a spell at you. Something smites you!
The sculptor of flesh moves out of view.
The eight-headed meat hydra moves out of view.
You hear a shout!
You are too injured to fight recklessly!
Unknown command.
Unknown command.
You are too injured to fight recklessly!
You hit the meat beast but do no damage.
You cleave the meat beast in twain.
You kill the meat beast!
Makhleb accepts your kill.
You feel better.
You hear a shout! x5
The meat berserker hits you with a +9 battleaxe!!!
* * * LOW HITPOINT WARNING * * *
You hear a shout!
A meat berserker comes into view. It is wielding a +9 battleaxe.
The eight-headed meat hydra calls on the powers of darkness!
The eight-headed meat hydra convulses!
Your body is wracked with pain!
* * * LOW HITPOINT WARNING * * *
The meat berserker convulses!
The bag of meat convulses! x2
The bag of meat is engulfed in blazing flames.
You hear a shout!
The wretched soul breathes negative energy at you.
The bolt of negative energy hits you!!!
You feel drained.
You die...

)............###........
))o)...D###..O....###..)
°)o.......#.......#.....
°zo☼o..)).#.....))#.....
#)ooM............).....
#o#.))))......)))...#.
#..))O.....).))..)#.)
#.#))2O)......).)##†..
#.#)...@#........#)...)
.)......)..)L...))#).)##
#)..W...##D#))))))...)..
##.....)................
....####..).#O....####))
#....§)§..)..)..).).#. .
### .§§§).).).....L....
###...)...........#
#################


You could see an accursed, a meat beast (fast), a tyrant, 2 eight-headed meat
hydras, a sculptor of flesh, 4 meat berserkers, a wretched soul (invisible) and
7 bags of meat.

Vanquished Creatures
  9 vampire knights (D)
  28 ogres (D)
  7 two-headed ogres (D)
  2 liches (D)
  A hydra (D)
  4 phantoms (D)
  9 hell beasts (D)
  50 orcs (D)
  4 skeletal warriors (D)
  5 royal mummies (D)
  A wraith (D)
  Harold (D)
121 creatures vanquished.

Notes
Turn   | Place    | Note
-------+----------+-------------------------------------------
     0 | D        | Found the +∞ Axe of Woe
     0 | D        | Groucho the Djinni Warper began the quest for the Orb.
     0 | D        | Groucho set off with the following spells memorised: Blink,
                  | Lesser Beckoning, Vhi's Electric Charge, Teleport Other,
                  | Manifold Assault.
     0 | D        | Reached XP level 1. HP: 18/18 MP: 0/0
     4 | D        | Became a worshipper of Makhleb the Destroyer
     6 | D        | Noticed a bag of meat
     6 | D        | Noticed a bag of meat
     7 | D        | Killed a bag of meat
     7 | D        | Noticed a meat berserker
     8 | D        | Reached skill level 15 in Axes
     8 | D        | Reached skill level 10 in Spellcasting
     8 | D        | Reached XP level 2. HP: 23/23 MP: 0/0
     8 | D        | Reached XP level 3. HP: 28/28 MP: 0/0
     8 | D        | Learned a level 1 spell: Sting
     8 | D        | Reached XP level 4. HP: 33/33 MP: 0/0
     8 | D        | Reached XP level 5. HP: 38/38 MP: 0/0
     8 | D        | Learned a level 2 spell: Scorch
     8 | D        | Reached XP level 6. HP: 43/43 MP: 0/0
     8 | D        | Reached XP level 7. HP: 49/49 MP: 0/0
     8 | D        | Learned a level 3 spell: Ozocubu's Armour
     8 | D        | Reached XP level 8. HP: 54/54 MP: 0/0
     8 | D        | Reached XP level 9. HP: 58/58 MP: 0/0
     8 | D        | Learned a level 4 spell: Olgreb's Toxic Radiance
     8 | D        | Reached XP level 10. HP: 64/64 MP: 0/0
     8 | D        | Reached XP level 11. HP: 68/68 MP: 0/0
     8 | D        | Learned a level 4 spell: Animate Armour
     8 | D        | Noticed a bag of meat
     8 | D        | Noticed a bag of meat
     8 | D        | Noticed a bag of meat
     8 | D        | Noticed a bag of meat
     8 | D        | Noticed a bag of meat
     9 | D        | Killed a meat berserker
     9 | D        | Reached * piety under Makhleb
     9 | D        | Killed a bag of meat
     9 | D        | Killed a bag of meat
     9 | D        | Noticed a bag of meat
     9 | D        | Noticed a bag of meat
    10 | D        | Reached XP level 12. HP: 70/74 MP: 0/0
    10 | D        | Reached XP level 13. HP: 74/78 MP: 0/0
    10 | D        | Learned a level 5 spell: Yara's Violent Unravelling
    10 | D        | Reached XP level 14. HP: 81/85 MP: 0/0
    10 | D        | Killed a bag of meat
    10 | D        | Reached ** piety under Makhleb
    10 | D        | Killed a bag of meat
    10 | D        | Killed a bag of meat
    10 | D        | Noticed a bag of meat
    10 | D        | Noticed a bag of meat
    11 | D        | Reached XP level 15. HP: 89/89 MP: 0/0
    11 | D        | Learned a level 6 spell: Summon Cactus Giant
    11 | D        | Reached *** piety under Makhleb
    12 | D        | Reached XP level 16. HP: 90/94 MP: 0/0
    12 | D        | Reached **** piety under Makhleb
    13 | D        | Reached skill level 27 in Axes
    13 | D        | Reached skill level 27 in Dodging
    13 | D        | Noticed a meat berserker
    14 | D        | Noticed a large bag of meat
    15 | D        | Reached ***** piety under Makhleb
    15 | D        | Killed a large bag of meat
    15 | D        | Noticed a meat berserker
    15 | D        | Noticed a meat berserker
    16 | D        | Reached XP level 17. HP: 99/99 MP: 0/0
    16 | D        | Learned a level 7 spell: Malign Gateway
    16 | D        | Noticed a meat berserker
    16 | D        | Killed a meat berserker
    16 | D        | Killed a meat berserker
    16 | D        | Killed a meat berserker
    16 | D        | Killed a meat berserker
    17 | D        | Reached skill level 27 in Spellcasting
    17 | D        | Reached skill level 15 in Fighting
    17 | D        | Reached skill level 15 in Armour
    17 | D        | Reached skill level 15 in Invocations
    17 | D        | Reached XP level 18. HP: 138/138 MP: 0/0
    17 | D        | Noticed a meat berserker
    18 | D        | Killed a meat berserker
    18 | D        | Reached ****** piety under Makhleb
    18 | D        | Noticed a meat berserker
    19 | D        | Reached XP level 19. HP: 155/155 MP: 0/0
    19 | D        | Learned a level 6 spell: Death Channel
    19 | D        | Killed a meat berserker
    23 | D        | Reached XP level 20. HP: 171/171 MP: 0/0
    23 | D        | Noticed a meat berserker
    23 | D        | Noticed a destroyer
    24 | D        | Killed a meat berserker
    24 | D        | Killed a destroyer
    25 | D        | Noticed a meat berserker
    27 | D        | Noticed a large bag of meat
    27 | D        | Noticed a meat berserker
    28 | D        | Noticed The Servant
    29 | D        | Killed The Servant
    29 | D        | Killed a meat berserker
    29 | D        | Killed a meat berserker
    29 | D        | Killed a large bag of meat
    30 | D        | Reached skill level 27 in Fighting
    30 | D        | Reached skill level 27 in Armour
    30 | D        | Reached skill level 27 in Invocations
    30 | D        | Reached XP level 21. HP: 187/187 MP: 0/0
    30 | D        | Learned a level 8 spell: Necromutation
    30 | D        | Reached XP level 22. HP: 194/194 MP: 0/0
    30 | D        | Noticed a large bag of meat
    31 | D        | Noticed a large bag of meat
    35 | D        | Noticed a meat berserker
    36 | D        | Reached skill level 10 in Shields
    36 | D        | Reached skill level 10 in Unarmed Combat
    36 | D        | Reached skill level 10 in Evocations
    37 | D        | Killed a large bag of meat
    37 | D        | Killed a large bag of meat
    38 | D        | Killed a meat berserker
    39 | D        | Reached XP level 23. HP: 157/201 MP: 0/0
    39 | D        | Learned a level 7 spell: Orb of Destruction
    44 | D        | Reached skill level 15 in Shields
    44 | D        | Reached skill level 15 in Unarmed Combat
    44 | D        | Reached skill level 15 in Evocations
    45 | D        | Reached skill level 15 in Short Blades
    45 | D        | Reached skill level 15 in Long Blades
    45 | D        | Reached skill level 15 in Staves
    45 | D        | Reached skill level 15 in Stealth
    45 | D        | Noticed a destroyer
    46 | D        | Noticed a destroyer
    50 | D        | Killed a destroyer
    50 | D        | Killed a destroyer
    51 | D        | Reached skill level 15 in Maces & Flails
    51 | D        | Reached skill level 15 in Polearms
    51 | D        | Reached skill level 15 in Ranged Weapons
    51 | D        | Reached skill level 15 in Throwing
    51 | D        | Reached XP level 24. HP: 208/208 MP: 0/0
    54 | D        | Noticed an accursed
    55 | D        | Noticed a large bag of meat
    56 | D        | Noticed a tyrant
    57 | D        | Killed a tyrant
    57 | D        | Killed an accursed
    57 | D        | Killed a large bag of meat
    58 | D        | Reached XP level 25. HP: 214/214 MP: 0/0
    58 | D        | Learned a level 8 spell: Ignition
    58 | D        | Noticed an accursed
    59 | D        | Noticed a meat beast
    59 | D        | Killed a meat beast
    59 | D        | Killed an accursed
    59 | D        | Noticed a tyrant
    60 | D        | Reached XP level 26. HP: 112/221 MP: 0/0
    62 | D        | Noticed a meat beast
    62 | D        | Noticed a meat beast
    62 | D        | Killed a meat beast
    62 | D        | Killed a meat beast
    63 | D        | Reached XP level 27. HP: 200/228 MP: 0/0
    63 | D        | Learned a level 9 spell: Death's Door
    65 | D        | Noticed a meat beast
    66 | D        | Killed a meat beast
    66 | D        | Noticed an accursed
    67 | D        | Reached skill level 27 in Shields
    67 | D        | Reached skill level 27 in Unarmed Combat
    67 | D        | Reached skill level 27 in Evocations
    67 | D        | Killed an accursed
    68 | D        | Reached skill level 27 in Short Blades
    68 | D        | Reached skill level 27 in Long Blades
    68 | D        | Reached skill level 27 in Maces & Flails
    68 | D        | Reached skill level 27 in Staves
    68 | D        | Reached skill level 27 in Ranged Weapons
    68 | D        | Reached skill level 27 in Stealth
    68 | D        | Noticed a large bag of meat
    69 | D        | Noticed a dread
    69 | D        | Killed a dread
    69 | D        | Noticed a large bag of meat
    70 | D        | Reached skill level 27 in Polearms
    70 | D        | Reached skill level 27 in Throwing
    70 | D        | Noticed an accursed
    70 | D        | Noticed a destroyer
    70 | D        | Noticed a tyrant
    71 | D        | Killed an accursed
    71 | D        | Noticed a destroyer
    72 | D        | Killed a tyrant
    72 | D        | Killed a large bag of meat
    72 | D        | Noticed a destroyer
    72 | D        | Noticed an accursed
    73 | D        | Killed a destroyer
    73 | D        | Noticed an accursed
    74 | D        | Noticed a meat beast
    74 | D        | Killed a destroyer
    74 | D        | Killed a large bag of meat
    75 | D        | Noticed a destroyer
    76 | D        | Noticed a destroyer
    77 | D        | Killed a meat beast
    77 | D        | Killed a destroyer
    80 | D        | Killed a destroyer
    80 | D        | Noticed a destroyer
    80 | D        | Noticed a meat beast
    83 | D        | Killed a destroyer
    83 | D        | Killed a destroyer
    83 | D        | Killed an accursed
    83 | D        | Noticed a meat beast
    84 | D        | Noticed a meat beast
    84 | D        | Noticed a meat beast
    84 | D        | Noticed a meat beast
    85 | D        | Killed a meat beast
    87 | D        | Noticed a tyrant
    87 | D        | Killed a meat beast
    87 | D        | Killed a meat beast
    88 | D        | Killed a meat beast
    88 | D        | Killed from afar by a wretched soul

Illustrated notes

Levels and vault maps discovered:
D:        meatsprint

Skill      XL: |  1  2  3  4  5  6  7  8  9 10 11 12 13 14 15 16 17 18 19 20 21 22 23 24 25 26 27 |
---------------+----------------------------------------------------------------------------------+-----
Axes           | 15 21 23 26 27 | 27.0
Dodging        | 14 20 22 24 27 | 27.0
Spellcasting   | 10 14 16 18 24 27 | 27.0
Fighting       | 15 19 23 27 | 27.0
Armour         | 15 19 23 27 | 27.0
Invocations    | 15 19 23 27 | 27.0
Short Blades   | 9 13 17 19 22 24 27 | 27.0
Long Blades    | 9 13 17 19 22 24 27 | 27.0
Maces & Flails | 8 12 15 18 20 22 27 | 27.0
Polearms       | 8 12 15 18 20 22 27 | 27.0
Staves         | 9 13 17 19 22 24 27 | 27.0
Ranged Weapons | 8 12 15 18 20 22 27 | 27.0
Throwing       | 8 12 15 18 20 22 27 | 27.0
Stealth        | 9 13 17 19 22 24 27 | 27.0
Shields        | 9 14 18 21 23 26 27 | 27.0
Unarmed Combat | 9 14 18 21 23 26 27 | 27.0
Evocations     | 9 14 18 21 23 26 27 | 27.0

Action                     |  1- 3 |  4- 6 |  7- 9 | 10-12 | 13-15 | 16-18 | 19-21 | 22-24 | 25-27 || total
---------------------------+-------+-------+-------+-------+-------+-------+-------+-------+-------++-------
  Melee: Executioner's axe |     1 |       |       |     3 |     7 |    14 |    11 |    24 |    46 ||   106
   Cast: Manifold Assault  |       |       |       |     1 |     2 |     4 |     5 |     6 |     9 ||    27
  Dodge: Dodged            |       |       |       |       |       |       |       |       |     4 ||     4
